 Dungeon Crawl Stone Soup version 0.29.1-1-gd02db6906a (webtiles) character file.

Game seed: 189901020520172138

102 zedzed the Magician (level 5, 0/28 HPs)
             Began as a Kobold Hedge Wizard on Sept 18, 2022.
             Slain by an orc wizard
             ... wielding a +1 dagger of venom
              (4 damage)
             ... on level 3 of the Dungeon.
             The game lasted 00:16:46 (4354 turns).

zedzed the Magician (Kobold Hedge Wizard)           Turns: 4354, Time: 00:16:47

Health: 0/28       AC:  3    Str:  7    XL:     5   Next: 6%
Magic:  0/10       EV: 15    Int: 18    God:
Gold:   76         SH:  0    Dex: 14    Spells: 10/11 levels left

rFire   + . .      SeeInvis .   a - +0 dagger
rCold   x . .      Faith    .   (no shield)
rNeg    . . .      Spirit   .   b - +0 robe
rPois   .          Reflect  .   c - +0 hat
rElec   .          Harm     .   (no cloak)
rCorr   .          Rampage  .   (no gloves)
Will    .....                   l - +0 pair of boots
Stlth   ++........              (no amulet)
HPRegen 0.09/turn               m - ring of fire
MPRegen 0.12/turn               (no ring)

@: lethally poisoned (0 -> -6), silenced
A: small, no large weapons, nightstalker 3
a: no special abilities


You were on level 3 of the Dungeon.
You visited 1 branch of the dungeon, and saw 4 of its levels.

You collected 76 gold pieces.

Inventory:

Hand Weapons
 a - a +0 dagger (weapon)
Missiles
 e - 41 stones
Armour
 b - a +0 robe (worn)
 c - a +0 hat (worn)
 l - a +0 pair of boots (worn)
Jewellery
 m - a ring of fire (left hand)
Scrolls
 f - a scroll of identify
 h - a scroll of poison {unknown}
 j - a scroll of amnesia {unknown}
 k - a scroll of torment {unknown}
 o - 2 scrolls of noise {unknown}
Potions
 d - a potion of magic


   Skills:
 + Level 3.2 Dodging
 + Level 3.6 Stealth
 + Level 3.7 Spellcasting
 + Level 1.9 Conjurations
 + Level 1.9 Summonings
 + Level 2.0 Translocations


You had 10 spell levels left.
You knew the following spells:

 Your Spells              Type           Power      Damage    Failure   Level
a - Magic Dart            Conj           40%        1d5       7%          1

Your spell library contained the following spells:

 Spells                   Type           Power      Damage    Failure   Level
 Blink                    Tloc           20%        N/A       10%         2
 Call Imp                 Summ           10%        N/A       11%         2
 Slow                     Hex            12%        N/A       16%         1
 Ensorcelled Hibernation  Hex/Ice        6%         N/A       22%         2
 Conjure Flame            Conj/Fire      10%        6-21      30%         3
 Mephitic Cloud           Conj/Pois/Air  5%         N/A       34%         3
 Spider Form              Tmut/Pois      3%         N/A       41%         3
 Anguish                  Hex/Necr       1%         N/A       83%         4


Dungeon Overview and Level Annotations

Branches:
Dungeon (4/15)
 Temple: D:4-7

Altars:


Innate Abilities, Weirdness & Mutations

You are small and have problems with some larger weapons.
You are completely attuned to the shadows.


Message History

Casting: Magic Dart (safe; 7% risk of failure)
Confirm with . or Enter, or press ? or * to list all spells.
Aiming: Magic Dart (safe; 7% risk of failure)
Press: ? - help, Shift-Dir - straight line, f/p - orc wizard
Aim: an orc wizard, wielding a +1 dagger of venom and wearing a +0 robe (severely wounded, 100% to hit)
The magic dart hits the orc wizard but does no damage.
The orc wizard is severely wounded.
You feel sick. The orc wizard barely misses you.
Casting: Magic Dart (safe; 7% risk of failure)
Confirm with . or Enter, or press ? or * to list all spells.
Aiming: Magic Dart (safe; 7% risk of failure)
Press: ? - help, Shift-Dir - straight line, f/p - orc wizard
Aim: an orc wizard, wielding a +1 dagger of venom and wearing a +0 robe (severely wounded, 100% to hit)
The magic dart hits the orc wizard but does no damage.
The orc wizard is severely wounded.
You feel sick. The orc wizard closely misses you.
Casting: Magic Dart (safe; 7% risk of failure)
Confirm with . or Enter, or press ? or * to list all spells.
Aiming: Magic Dart (safe; 7% risk of failure)
Press: ? - help, Shift-Dir - straight line, f/p - orc wizard
Aim: an orc wizard, wielding a +1 dagger of venom and wearing a +0 robe (severely wounded, 100% to hit)
The magic dart hits the orc wizard but does no damage.
The orc wizard is severely wounded.
You feel sick.
The orc wizard hits you with a +1 dagger of venom.
* * * LOW HITPOINT WARNING * * *
You are lethally poisoned!
Okay, then.
As you read the scroll labelled PIZUYKHLAEHA, it crumbles to dust.
A profound silence engulfs you.
It was a scroll of silence.
* * * LOW HITPOINT WARNING * * *
You feel sick.
The orc wizard hits you but does no damage.
Magic scrolls do not work when you're silenced!
You closely miss the orc wizard.
The orc wizard is severely wounded.
* * * LOW HITPOINT WARNING * * *
You feel sick.
The orc wizard hits you with a +1 dagger of venom.
You die...

##'## #.. ##...##
#.#### ##.....##
#.##.## ##.......#
#.#...####.........
#........'.........
#.#...####.........
#o##.## ##.......#
#.@### ##.....##
#...# ##...## ##.##
##'## #.# #.# #.#
#######.### #.#
#.........## #.#
#.####....#. #.#
#.# #.....#. #.#
#.# ##....#.


You could see an orc wizard.

Vanquished Creatures
  4 adders (D:2)
  A dart slug (D:1)
  A worm (D:2)
  2 orcs (D:3)
  5 ball pythons
  5 bats
  2 endoplasms (D:1)
  A giant cockroach (D:1)
  6 goblins (D:1)
  5 hobgoblins
  2 jackals (D:2)
  3 quokkas
  6 frilled lizards
  8 kobolds
  6 rats (D:1)
57 creatures vanquished.

Notes
Turn   | Place    | Note
-------+----------+-------------------------------------------
     0 | D:1      | zedzed the Kobold Hedge Wizard began the quest for the Orb.
     0 | D:1      | Reached XP level 1. HP: 10/10 MP: 4/4
   445 | D:1      | Reached XP level 2. HP: 15/15 MP: 6/6
   789 | D:1      | Found a faded altar of an unknown god.
   845 | D:1      | Reached XP level 3. HP: 19/19 MP: 7/7
  1650 | D:1      | You fall into a shaft and drop 1 floor!
  2233 | D:2      | Reached XP level 4. HP: 23/24 MP: 5/9
  3786 | D:3      | Reached XP level 5. HP: 23/28 MP: 4/10
  4354 | D:3      | Slain by an orc wizard

Illustrated notes

Levels and vault maps discovered:
D:1:      lemuel_arrival_behind_the_door_small, layout_basic,
          ebering_ecumenical_altar_rust, minmay_stone_trees_large,
          hangedman_glass_teeth
D:2:      layout_loops_cross
D:3:      minmay_razor_zed, layout_loops_corners, uniq_sigmund
D:4:      layout_cave_pods, minmay_temple_entry_from_below_a, uniq_robin

Skill      XL: |  1  2  3  4 |
---------------+-------------+-----
Stealth        | 3 |  3.6
Dodging        | 3 |  3.2
Translocations | 2 |  2.0
Spellcasting   | |  3.7
Conjurations   | |  1.9
Summonings     | |  1.9

Action                   |  1- 3 |  4- 6 || total
-------------------------+-------+-------++-------
Melee: Dagger            |    40 |    23 ||    63
       Punch             |     1 |       ||     1
 Cast: Magic Dart        |    75 |    88 ||   163
  Use: Scroll            |       |     2 ||     2
       Potion            |       |     5 ||     5
 Stab: Sleeping          |     7 |       ||     7
Armor: Robe              |     9 |     9 ||    18
Dodge: Dodged            |    48 |    47 ||    95
